 Dungeon Crawl Stone Soup version 0.31-a0-934-gf4fcaacff8 (webtiles) character file.

Game seed: 16593201495725223963

101 Descartes the Shield-Bearer (level 5, -3/42 HPs)
             Began as a Formicid Fighter on Oct 15, 2023.
             Slain by Grinder (9 damage)
             ... on level 3 of the Dungeon on Oct 20, 2023.
             The game lasted 00:02:43 (1594 turns).

Descartes the Shield-Bearer (Formicid Fighter)      Turns: 1594, Time: 00:02:44

Health: -3/42      AC:  7    Str: 23    XL:     5   Next: 4%
Magic:  5/5        EV:  9    Int:  7    God:
Gold:   57         SH:  5    Dex: 13    Spells: 4/4 levels left

rFire   + . .        a - +0 war axe
rCold   . . .        c - +0 buckler
rNeg    . . .        b - +0 scale mail
rPois   .            (helmet unavailable)
rElec   .            (no cloak)
rCorr   +            (no gloves)
SInv    +            (no boots)
Will    .....        (no amulet) Stlth
                     k - ring of protection from fire
HPRegen 0.27/turn    n - ring of resist corrosion
MPRegen 0.09/turn

%: no passive effects
@: mighty
A: permanent stasis, dig shafts and tunnels, antennae 3, four strong arms
a: Dig, Shaft Self


You were on level 3 of the Dungeon.
You visited 1 branch of the dungeon, and saw 3 of its levels.

You collected 57 gold pieces.

Inventory:

Hand Weapons
 a - a +0 war axe (weapon)
Missiles
 p - 6 poisoned darts
Armour
 b - a +0 scale mail (worn)
 c - a +0 buckler (worn)
Jewellery
 k - a ring of protection from fire (left hand)
 n - a ring of resist corrosion (right hand)
Scrolls
 e - a scroll of blinking {unknown}
 i - a scroll of fog {unknown}
 j - a scroll of brand weapon {unknown}
 l - 2 scrolls of immolation {unknown}
 q - a scroll of poison {unknown}
 r - a scroll of acquirement {unknown}
 s - a scroll of enchant weapon {unknown}
 t - a scroll of identify {unknown}
Potions
 d - a potion of might
 f - a potion of degeneration {unknown}
 g - a potion of mutation {unknown}
 h - 2 potions of invisibility {unknown}
 m - a potion of heal wounds {unknown}
 o - a potion of magic {unknown}


   Skills:
 + Level 4.0 Fighting
 + Level 2.9 Axes
 + Level 4.0 Armour
 + Level 4.9 Shields


You had 4 spell levels left.
You didn't know any spells.
Your spell library contained the following spells:

 Spells                   Type           Power      Damage    Failure   Level
 Apportation              Tloc           0%         N/A       80%         1
 Necrotise                Necr           0%         1d4       80%         1
 Sandblast                Erth           0%         2d4       80%         1
 Jinxbite                 Hex            0%         N/A       91%         2
 Passwall                 Tmut/Erth      0%         N/A       91%         2
 Stone Arrow              Conj/Erth      0%         3d7       99%         3
 Vampiric Draining        Necr           0%         2d6       99%         3
 Brom's Barrelling Bould  Conj/Erth      0%         2d3       100%        4
 Agony                    Necr           0%         N/A       100%        5
 Alistair's Intoxication  Tmut/Pois      0%         N/A       100%        5


Dungeon Overview and Level Annotations

Branches:
Dungeon (3/15)

Altars:
Trog

Annotations:
D:3 Grinder, Jessica


Innate Abilities, Weirdness & Mutations

You cannot be hasted, slowed, berserked, paralysed or teleported.
You can dig through walls and to a lower floor.
You have a pair of large antennae on your head. (SInv)
Your four strong arms can wield two-handed weapons with a shield.


Message History

Jessica casts a spell at you.
You struggle to resist.
Grinder hits you.
You writhe in agony.
You slash Grinder!
Grinder is moderately wounded.
Grinder hits you.
Jessica mumbles some strange words.
Jessica seems to speed up.
Unknown command.
You closely miss Grinder.
Grinder is moderately wounded.
Grinder hits you!
You writhe in agony.
Jessica points at you and mumbles some strange words.
You easily resist.
Grinder barely misses you.
You hit Grinder but do no damage.
Grinder is moderately wounded.
Jessica mumbles some strange words.
Jessica blinks!
Grinder hits you but does no damage.
Unknown command.
You hit Grinder.
Grinder is moderately wounded.
Grinder gestures at you.
You struggle to resist.
Jessica casts a spell.
Jessica blinks!
Unknown command.
You hit Grinder.
Grinder is heavily wounded.
You block Grinder's attack. Grinder hits you.
You writhe in agony.
* * * LOW HITPOINT WARNING * * *
Unknown command.
You barely miss Grinder.
Grinder is heavily wounded.
Grinder hits you.
* * * LOW HITPOINT WARNING * * *
You writhe in agony.
* * * LOW HITPOINT WARNING * * *
You feel very mighty all of a sudden. Grinder hits you!
You die...
Grinder says, "Now the real fun starts!"

.. .# #.# ..#
..# ### ..#
#<######..#
#.5@......#
#@######.....#
#.# .#.....
#.# .#,####
#.# .# #(# .#
#.. .# ... ..


You could see Grinder and Jessica (fast).

Vanquished Creatures
  3 adders (D:2)
  3 worms
  2 dart slugs (D:1)
  5 bats (D:2)
  4 endoplasms
  3 giant cockroaches (D:2)
  3 goblins
  7 hobgoblins
  7 jackals
  2 quokkas (D:1)
  5 ball pythons (D:1)
  A frilled lizard (D:2)
  6 kobolds
  4 rats
55 creatures vanquished.

Notes
Turn   | Place    | Note
-------+----------+-------------------------------------------
     0 | D:1      | Descartes the Formicid Fighter began the quest for the Orb.
     0 | D:1      | Reached XP level 1. HP: 18/18 MP: 1/1
    33 | D:1      | Upgraded the game from 0.31-a0-880-g9a209b2425 to
                  | 0.31-a0-934-gf4fcaacff8
   144 | D:1      | Reached XP level 2. HP: 15/24 MP: 2/2
   362 | D:1      | Reached XP level 3. HP: 20/29 MP: 3/3
  1006 | D:2      | Found a bloodstained altar of Trog.
  1186 | D:2      | Reached XP level 4. HP: 37/37 MP: 4/4
  1369 | D:2      | Found a faded altar of an unknown god.
  1450 | D:2      | Reached XP level 5. HP: 42/42 MP: 5/5
  1571 | D:3      | Noticed Jessica
  1582 | D:3      | Noticed Grinder
  1594 | D:3      | Slain by Grinder

Illustrated notes

Levels and vault maps discovered:
D:1:      minmay_arrival_loop, layout_basic
D:2:      layout_basic, basic_altar, ebering_ecumenical_altar_webs,
          minmay_indecisive_spiral
D:3:      layout_basic, mainiacjoe_overflow_alcove_1, chequers_garden,
          amcnicky_mini_rare_corridor_liquid, uniq_grinder, uniq_jessica,
          uniq_sigmund

Skill      XL: |  1  2  3  4 |
---------------+-------------+-----
Fighting       | 4 |  4.0
Armour         | 4 |  4.0
Axes           | |  2.9
Shields        | |  4.9

Action                     |  1- 3 |  4- 6 || total
---------------------------+-------+-------++-------
  Melee: War axe           |    79 |    73 ||   152
    Use: Potion            |       |     1 ||     1
 Armour: Scale mail        |    63 |    52 ||   115
  Dodge: Dodged            |    46 |    35 ||    81
  Block: Buckler           |    19 |    21 ||    40

Table legend: (Time is in decaauts)
 A = Elapsed time spent in this place.
 B = Non-inter-level travel time spent in this place.
 C = Inter-level travel time spent in this place.
 D = Time resting spent in this place.
 E = Time spent auto-exploring this place.
 F = Levels seen in this place.
 G = Mean time per level.
                   A        B        C        D        E       F      G
               +--------+--------+--------+--------+--------+-----+--------+
         Total |   1653 |   1545 |    108 |      0 |   1173 |   3 |  551.0 |
       Dungeon |   1653 |   1545 |    108 |      0 |   1173 |   3 |  551.0 |
               +--------+--------+--------+--------+--------+-----+--------+

Top non-repeatable levels by time:
     D:1: 942 daAuts
     D:2: 678 daAuts
     D:3: 32 daAuts
